 Dungeon Crawl Stone Soup version 0.28.0 (webtiles) character file.

Game seed: 11988516432898821775

3 HallandMoats the Ruffian (level 1, 19/19 HPs)
             Began as a Ghoul Monk on Feb 7, 2022.
             Was a High Priest of Ignis.
             Safely got out of the dungeon.
             The game lasted 00:00:31 (370 turns).

HallandMoats the Ruffian (Ghoul Monk)                Turns: 370, Time: 00:00:32

Health: 19/19      AC: 10    Str: 14    XL:     1   Next: 50%
Magic:  0/0        EV:  4    Int:  5    God:    Ignis [*****.]
Gold:   10         SH:  0    Dex: 11    Spells: 0/0 levels left

rFire   + . .      SeeInvis .     - Unarmed
rCold   + . .      Faith    .   (no shield)
rNeg    + + +      Spirit   .   e - +0 plate armour
rPois   ∞          Reflect  .   (no helmet)
rElec   .          Harm     .   (no cloak)
rCorr   .          Rampage  .   (no gloves)
Will    .....                   (no boots)
Stlth   ..........              (no amulet)
HPRegen 0.06/turn               (no ring)
MPRegen 0.07/turn               (no ring)

@: no status effects
A: claws 1, cold resistance 1, negative energy resistance 3, inhibited
regeneration, torment resistance 2
a: Renounce Religion, Fiery Armour, Foxfire Swarm, Rising Flame


You escaped.
You worshipped Ignis.
Ignis was extremely pleased with you.
You visited 1 branch of the dungeon, and saw 1 of its levels.

You collected 10 gold pieces.

Inventory:

Armour
 e - a +0 plate armour (worn)
Scrolls
 c - a scroll of teleportation {unknown}
 d - 2 scrolls of fear {unknown}
Potions
 a - a potion of flight {unknown}
 b - a potion of curing {unknown}


   Skills:
 + Level 3.3 Fighting
 + Level 0.1 Armour
 + Level 2.7 Dodging
 - Level 2.1 Stealth
 + Level 3.3 Unarmed Combat


You couldn't memorise any spells.
You didn't know any spells.
Your spell library was empty.

Dungeon Overview and Level Annotations

Branches:
Dungeon (1/15)

Altars:
Ignis


Innate Abilities, Weirdness & Mutations

You thrive by killing the living.
You are immune to poison.
You have sharp fingernails.
Your flesh is cold resistant. (rC+)
You are immune to negative energy. (rN+++)
You do not regenerate when monsters are visible.
You are immune to unholy pain and torment.


Message History

No target in view!
No target in view!
No target in view!
No target in view!
No target in view!
No target in view!
No target in view!
No target in view!
No target in view!
No target in view!
You see here a rat corpse.
Found a faded altar of an unknown god.
d - 2 scrolls labelled NIOCRU ASCHO (gained 1)
a - a fizzy golden potion An endoplasm comes into view.
An endoplasm is nearby!
The endoplasm completely misses you.
You barely miss the endoplasm. The endoplasm hits you.
You claw the endoplasm!
You kill the endoplasm!
No target in view!
No target in view!
No target in view!
No target in view!
No target in view!
No target in view!
No target in view!
Search for what [? for help]? altar
There is a faded altar of an unknown god here.
You cannot tell which god this altar belongs to.
Convert to them anyway?
Ignis accepts your prayer! Ignis welcomes you!
(D) Dungeon
Where to? (Enter - D:1 @ (x,y), ? - help)
What level of the Dungeon? (default 1, ? - help)
You see here a rat corpse.
There is an open door here.
There is a staircase leading out of the dungeon here.
Are you sure you want to leave the Dungeon?
This will make you lose the game!
You have escaped!

###....# ##### ###.#.#... #..#.#
#...# #...#.#### #..#'### ###'#.#
#.#.#...# #..#.#.#♣♣♣♣♣#.#.#.#
#.#####.# #..#.............#.#
#.#####.# #..#..♣..♣.♣..♣..#.#
#.#.....# ###..#≈#♣♣..≈..♣♣#≈#.#
#.##.##### .....#≈#P♣.≈≈≈.♣P#≈#.#
#.##.#....
##...#≈#>..≈8≈..@#≈#.###.##.##.##
##...#≈#P♣.≈≈≈.♣P#≈#......#.##.#
.#..##≈#♣♣..≈..♣♣#≈#.###..#.##.#
.##.##..♣..♣.♣.. .#.# #....##.#.
....##.......... #.####.####...
#.#[##.#.#♣♣♣♣♣# #.........#.#.
#....#'### #......##.#...
##.....# #.#######.#.## #..####
...# #.#..


There were no monsters in sight!

Vanquished Creatures
  An endoplasm (D:1)
  A kobold (D:1)
  2 rats (D:1)
4 creatures vanquished.

Notes
Turn   | Place    | Note
-------+----------+-------------------------------------------
     0 | D:1      | HallandMoats the Ghoul Monk began the quest for the Orb.
     0 | D:1      | Reached XP level 1. HP: 19/19 MP: 0/0
   253 | D:1      | Found a faded altar of an unknown god.
   319 | D:1      | Prayed at the altar of an unknown god.
   319 | D:1      | Became a worshipper of Ignis, the Dying Flame
   370 | D:$      | Safely got out of the dungeon.

Illustrated notes

Levels and vault maps discovered:
D:1:      tarquinn_simple_flora_water_b, layout_basic,
          ebering_ecumenical_altar_webs

Action                   || total
-------------------------++-------
Melee: Unarmed           ||     7
Armor: Robe              ||     1
       Plate armour      ||     1
Dodge: Dodged            ||     1
